 Dungeon Crawl Stone Soup version 0.23-a0-183-gf37f6fb (webtiles) character file.

109173 tsouns the Thaumaturge (level 16, -17/108 HPs)
             Began as an Octopode Earth Elementalist on Sept 20, 2018.
             Was the Champion of Vehumet.
             Killed from afar by a fire dragon (41 damage)
             ... with a blast of flame
             ... on level 4 of the Swamp on Sept 21, 2018.
             The game lasted 02:56:49 (32417 turns).

tsouns the Thaumaturge (OpEE)                      Turns: 32417, Time: 02:56:50

Health: -17/108    AC:  6    Str: 13    XL:     16   Next: 51%
Magic:  41/41      EV: 17    Int: 36    God:    Vehumet [******]
Gold:   1700       SH: 17    Dex: 12    Spells: 3/39 levels left

rFire    . . .     SeeInvis +     - Unarmed
rCold    . . .     Gourm    .   k - +5 shield
rNeg     . . .     Faith    +   E - +2 hat {Int+3}
rPois    .         Spirit   .   q - amulet of faith
rElec    +         Reflect  .   o - +5 ring of intelligence
rCorr    .         Harm     .   l - +3 ring of protection
MR       ++...                  S - ring of magical power
Stlth    +++++.....             d - ring "Nokuser" {Wiz rElec Int+2 Slay-5}
HPRegen  0.28/turn              j - +4 ring of strength
MPRegen  0.27/turn              y - +3 ring of intelligence
                                Y - ring of protection from magic
                                U - ring of see invisible

@: lethally poisoned (-17 -> -27)
A: almost no armour, stealthy swim, amphibious, 8 rings, constrict 8, camouflage
1, gelatinous body 1
a: Renounce Religion


You were on level 4 of the Swamp.
You worshipped Vehumet.
Vehumet was exalted by your worship.
You were not hungry.

You visited 5 branches of the dungeon, and saw 28 of its levels.

You collected 3084 gold pieces.
You spent 1384 gold pieces at shops.

Inventory:

Hand Weapons
 I - the +8 falchion of Big Damage {protect, +Blink Dex+3}
   (You found it on level 15 of the Dungeon)

   It protects the one who uses it against injury (+AC on strike).
   It affects your dexterity (+3).
   It lets you blink.
 P - the +7 war axe of Uncomfortable Rashes {chop, rPois rC+ Str+2}
   (You found it on level 13 of the Dungeon)

   It inflicts extra damage upon your enemies.
   It affects your strength (+2).
   It protects you from cold.
   It protects you from poison.
Missiles
 b - 452 stones (quivered)
 i - 627 arrows
 A - 2 throwing nets
 B - 7 javelins
Armour
 k - a +5 shield (worn)
 E - a +2 hat of intelligence (worn)
Magical Staves
 N - an uncursed staff of earth
Jewellery
 d - the ring "Nokuser" (on tentacle) {Wiz rElec Int+2 Slay-5}
   (You acquired it on level 11 of the Dungeon)

   [ring of wizardry]

   It improves your spell success rate.
   It affects your intelligence (+2).
   It affects your accuracy and damage with ranged weapons and melee attacks
   (-5).
   It insulates you from electricity.
 j - a +4 ring of strength (on tentacle)
 l - a +3 ring of protection (right tentacle)
 o - a +5 ring of intelligence (left tentacle)
 q - an amulet of faith (around mantle)
 y - a +3 ring of intelligence (on tentacle)
 H - an uncursed ring of poison resistance
 J - an uncursed ring of wizardry
 S - a ring of magical power (on tentacle)
 U - a ring of see invisible (on tentacle)
 Y - a ring of protection from magic (on tentacle)
Wands
 n - a wand of disintegration (14)
 u - a wand of iceblast (12)
 w - a wand of flame (83)
 M - a wand of enslavement (21)
 V - a wand of paralysis (14)
 X - a wand of polymorph (8)
Scrolls
 e - 5 scrolls of identify
 m - 3 scrolls of enchant armour
 p - a scroll of teleportation
 r - 6 scrolls of amnesia
 s - 13 scrolls of remove curse
 v - 8 scrolls of fog
 z - 3 scrolls of magic mapping
 C - 3 scrolls of enchant weapon
 G - 3 scrolls of immolation
 L - a scroll of fear
 T - a scroll of silence
Potions
 a - 14 potions of curing
 f - 6 potions of might
 g - a potion of resistance
 h - 3 potions of haste
 t - 3 potions of mutation
 D - 6 potions of heal wounds
 F - 2 potions of lignification
 K - 2 potions of agility
 O - a potion of ambrosia
 R - a potion of flight
 W - 2 potions of cancellation
Comestibles
 c - 33 rations


   Skills:
 - Level 9.3 Fighting
   Level 1.5 Short Blades
 - Level 9.0 Dodging
 - Level 8.6 Stealth
 + Level 12.1 Shields
 * Level 10.8 Unarmed Combat
 - Level 12.2 Spellcasting
 - Level 6.9 Conjurations
 - Level 6.9 Summonings
 - Level 5.5 Transmutations
   Level 1.0 Fire Magic
   Level 1.0 Ice Magic
 - Level 11.1 Earth Magic


You had 3 spell levels left.
You knew the following spells:

 Your Spells              Type           Power        Failure   Level  Hunger
a - Sandblast             Erth           ######       1%          1    None
b - Passwall              Tmut/Erth      ######..     1%          2    None
c - Stone Arrow           Conj/Erth      ######       1%          3    None
d - Petrify               Tmut/Erth      ######..     1%          4    None
e - Lee's Rapid Deconstr  Erth           #######...   1%          5    None
f - Sticks to Snakes      Tmut           ######..     1%          2    None
g - Summon Butterflies    Summ           ######..     1%          1    None
h - Statue Form           Tmut/Erth      ######...    6%          6    ###....
i - Spellforged Servitor  Conj/Summ      ######....   14%         7    #####..
j - Irradiate             Conj/Tmut      ######....   1%          5    None

Your spell library contained the following spells:

 Spells                   Type           Power        Failure   Level  Hunger
 Lehudib's Crystal Spear  Conj/Erth      ######....   38%         8    ######.
 Shatter                  Erth           #######...   89%         9    #######
 Tornado                  Air            ###.......   100%        9    #######
 Apportation              Tloc           ###...       1%          1    None
 Beastly Appendage        Tmut           ######       1%          1    None
 Corona                   Hex            ###....      1%          1    None
 Flame Tongue             Conj/Fire      #####        1%          1    None
 Freeze                   Ice            ####         1%          1    None
 Sting                    Conj/Pois      ####         1%          1    None
 Summon Small Mammal      Summ           ####         1%          1    None
 Call Imp                 Summ           ######..     1%          2    None
 Corpse Rot               Necr           N/A          1%          2    None
 Poisonous Vapours        Pois/Air       ###...       1%          2    None
 Slow                     Hex            ###.....     1%          2    None
 Sublimation of Blood     Necr           ###.......   1%          2    None
 Throw Flame              Conj/Fire      ######       1%          2    None
 Throw Frost              Conj/Ice       ######       1%          2    None
 Call Canine Familiar     Summ           ######..     1%          3    None
 Conjure Flame            Conj/Fire      ######..     1%          3    None
 Inner Flame              Hex/Fire       ####....     1%          3    None
 Mephitic Cloud           Conj/Pois/Air  #####...     1%          3    None
 Spider Form              Tmut/Pois      #####.....   1%          3    None
 Summon Guardian Golem    Hex/Summ       #####...     1%          3    None
 Ozocubu's Armour         Chrm/Ice       ####....     2%          3    None
 Lesser Beckoning         Tloc           ###.......   3%          3    None
 Portal Projectile        Hex/Tloc       ###...       3%          3    None
 Tukima's Dance           Hex            ###.....     3%          3    None
 Leda's Liquefaction      Hex/Erth       ######....   1%          4    None
 Sticky Flame             Conj/Fire      ######..     1%          4    None
 Throw Icicle             Conj/Ice       ######..     1%          4    None
 Fireball                 Conj/Fire      ######....   1%          5    None
 Ice Form                 Ice/Tmut       #####...     2%          4    None
 Summon Ice Beast         Ice/Summ       ######..     2%          4    None
 Summon Lightning Spire   Summ/Air       #####...     2%          4    None
 Bolt of Draining         Conj/Necr      #####.....   2%          5    None
 Venom Bolt               Conj/Pois      #####.....   2%          5    None
 Olgreb's Toxic Radiance  Pois           ###.....     3%          4    None
 Blade Hands              Tmut           ######....   3%          5    None
 Alistair's Intoxication  Tmut/Pois      #####...     10%         5    None
 Cause Fear               Hex            ###.......   11%         4    None
 Hydra Form               Tmut           ######....   17%         6    ###....
 Agony                    Necr           ###.....     28%         5    None
 Dispel Undead            Necr           ###.....     28%         5    None
 Excruciating Wounds      Chrm/Necr      ###.......   28%         5    None
 Dragon Form              Tmut           ######....   65%         7    #####..
 Invisibility             Hex            ###.....     82%         6    ###....


Dungeon Overview and Level Annotations

Branches:
Dungeon (15/15)            Temple (1/1) D:6            Lair (6/6) D:10
  Swamp (4/4) Lair:2       Spider (0/4) Lair:2        Slime (0/5) Lair:5
    Orc (2/2) D:11            Elf (0/3) Orc:2        Vaults (0/5) D:13
 Depths (0/5) D:15

Altars:
Ashenzari
Cheibriados
Dithmenos
Elyvilon
Fedhas
Gozag
Hepliaklqana
Kikubaaqudgha
Makhleb
Nemelex Xobeh
Okawaru
Qazlal
Ru
Sif Muna
Trog
Uskayaw
Vehumet
Wu Jian
Xom
Yredelemnul
Zin
The Shining One
Beogh
Jiyva

Shops:
D:6 [   D:9 [   Orc:2 *%[!

Annotations:
D:3 2 transporters
Lair:2 3 runed doors, Ixotuera's ghost, journeyman MiFi
Lair:5 1 runed door
Swamp:2 Frances


Innate Abilities, Weirdness & Mutations

You cannot wear most types of armour.
You are very stealthy in the water. (Stealth+)
You are amphibious.
You can wear up to eight rings at the same time.
You can use your tentacles to constrict eight enemies at once.
Your skin changes colour to match your surroundings (Stealth+).
Your rubbery body absorbs attacks. (AC +1, EV +1)


Message History

The five-headed hydra barely misses you.
The fire dragon bites you! The fire dragon closely misses you.
The fire dragon tramples you.
You stumble backwards!
Floosh!
The steam dragon is engulfed in poison gas.
The steam dragon is poisoned.
You feel sick.
The steam dragon seems less confused.
The steam dragon is engulfed in poison gas.
The steam dragon looks even sicker.
You block the five-headed hydra's attack.
The five-headed hydra bites you!
You block the five-headed hydra's attack.
The five-headed hydra bites you!
* * * LOW HITPOINT WARNING * * *
The five-headed hydra bites you.
* * * LOW HITPOINT WARNING * * *
You feel sick. The fire dragon breathes flames at you.
The blast of flame hits you!
You die... ♣♣. ≈≈≈.....?≈. ♣.≈ ≈≈≈k.≈≈≈.. ♣!≈P PPPPPPP.♣ ..P♣♣PPPPPP≈♣

♣PP.§.≈≈≈.♣
♣♣PP.≈♣....♣
♣≈...
♣.PP....♣§≈♣
≈≈...
♣.PP≈@.Dk♣♣♣♣♣
♣≈≈≈...
♣...♣♣§♣♣DDD≈..♣
≈≈≈≈≈.≈ . ♣♣
♣♣D§≈≈.♣♣..≈.≈≈.
♣♣.D≈≈≈..≈≈.♣♣...
♣.≈≈§vf≈.≈≈≈.♣♣♣≈
♣.≈≈≈≈D.<≈≈≈≈.♣ ♣
♣♣....≈≈≈.≈≈≈.♣ ♣
♣.≈.≈..♣≈...!♣♣ ♣
♣≈≈≈..≈≈♣♣$≈≈..♣♣


You could see a thorn hunter, a fire dragon, a five-headed hydra, 3 swamp
dragons, 2 swamp drakes, a steam dragon and an insubstantial wisp.

Vanquished Creatures
  Gastronok (D:8)
  2 orc warlords (Orc:1)
  2 entropy weavers (Lair:5)
  A dire elephant (D:15)
  Josephine (D:11)
  14 hydras
  Harold (D:9)
  A shambling mangrove (Swamp:3)
  4 centaur warriors
  An anaconda (Lair:4)
  5 alligators
  A death knight (D:12)
  3 two-headed ogres
  2 dancing weapons (D:13)
  2 death yaks (Lair:4)
  A queen ant (Lair:5)
  3 tengu warriors
  2 orc high priests (Orc:2)
  3 unseen horrors
  A fire crab (Lair:6)
  4 skeletal warriors (D:15)
  5 swamp dragons
  An ugly thing (D:13)
  4 cyclopes
  2 orc sorcerers (Orc:2)
  An oklob plant (Lair:5)
  A salamander (D:15)
  6 elephants (Lair:2)
  4 black mambas
  30 spiny frogs
  A gargoyle (D:14)
  10 komodo dragons
  2 rime drakes
  5 trolls
  A tengu conjurer (D:14)
  A merfolk (D:15)
  5 tyrant leeches
  8 hornets
  28 blink frogs
  9 bog bodies
  7 slime creatures
  Prince Ribbit (D:6)
  A dream sheep (Lair:4)
  8 hippogriffs
  6 spriggans
  2 wyverns
  5 wraiths (D:11)
  2 shadows
  21 yaks
  4 fire bats (Lair:1)
  A steam dragon (Swamp:4)
  13 vampire mosquitoes
  21 soldier ants
  19 swamp worms
  2 wargs
  2 acid dragons
  8 insubstantial wisps
  8 porcupines
  Duvessa (D:5)
  4 swamp drakes
  9 water moccasins
  3 black bears
  30 orc warriors
  3 sky beasts
  3 ice beasts
  3 phantoms
  17 ogres
  11 centaurs
  Blork the orc (D:6)
  12 crocodiles
  3 big kobolds
  33 bullfrogs
  Dowan (D:5)
  A wyvern skeleton (D:14)
  10 scorpions
  7 killer bees
  6 wights
  2 electric eels
  11 crimson imps
  2 howler monkeys (D:11)
  2 bullfrog zombies (D:12)
  3 centaur zombies
  4 hounds
  25 orc wizards
  9 centaur skeletons
  33 orc priests
  Crazy Yiuf (D:2)
  2 bullfrog skeletons
  6 jellies
  Ijyb (D:5)
  7 iguanas
  Terence (D:2)
  35 worker ants
  A statue (D:5)
  A hound skeleton (D:5)
  A worker ant zombie (D:6)
  4 gnolls (D:4)
  8 adders
  A shadow imp (D:14)
  3 oozes
  3 worms
  5 leopard geckos
  120 orcs
  6 bats
  7 giant cockroaches
  5 goblins
  9 hobgoblins
  12 jackals
  22 kobolds
  8 quokkas
  3 ball pythons
  4 frilled lizards
  A jackal skeleton (D:7)
  A leopard gecko zombie (D:6)
  A quokka zombie (D:9)
  6 rats
  A fungus (Lair:4)
  A plant (Lair:2)
846 creatures vanquished.

Vanquished Creatures (collateral kills)
  A thorn hunter (Swamp:4)
  A shambling mangrove (Swamp:3)
  2 orc high priests (Orc:2)
  A swamp dragon (Swamp:3)
  2 orc sorcerers
  2 blink frogs (Lair:6)
  A swamp worm (Swamp:3)
  2 insubstantial wisps (Swamp:4)
  13 orc warriors
  4 swamp drakes
  An ogre (Orc:2)
  3 orc priests
  4 orc wizards
  10 orcs
47 creatures vanquished.

Vanquished Creatures (others)
  2 tyrant leeches
  2 swamp drakes (Swamp:4)
  A scorpion (D:6)
  22 fungi
  28 plants
55 creatures vanquished.

Grand Total: 948 creatures vanquished

Notes
Turn   | Place    | Note
-------+----------+-------------------------------------------
     0 | D:1      | tsouns the Octopode Earth Elementalist began the quest for
                  | the Orb.
     0 | D:1      | Reached XP level 1. HP: 11/11 MP: 3/3
   169 | D:1      | Reached XP level 2. HP: 17/17 MP: 5/5
   511 | D:1      | Reached XP level 3. HP: 13/21 MP: 3/6
   612 | D:2      | Learned a level 2 spell: Passwall
   617 | D:2      | Learned a level 3 spell: Stone Arrow
   644 | D:2      | Noticed Terence
   726 | D:2      | Killed Terence
   866 | D:2      | Found a shimmering altar of Xom.
   962 | D:2      | Reached XP level 4. HP: 27/27 MP: 5/8
  1000 | D:2      | Found a runed door.
  1006 | D:2      | Noticed Crazy Yiuf
  1009 | D:2      | Killed Crazy Yiuf
  1414 | D:3      | Found a transporter.
  1419 | D:3      | Found a transporter.
  1429 | D:3      | Found a sacrificial altar of Ru.
  1531 | D:3      | Reached skill level 1 in Shields
  1531 | D:3      | Reached XP level 5. HP: 24/31 MP: 1/9
  1617 | D:3      | Found a stormy altar of Qazlal.
  2030 | D:4      | Learned a level 4 spell: Petrify
  2082 | D:4      | Noticed an ogre
  2142 | D:4      | Found an opulent altar of Gozag.
  2144 | D:4      | Reached XP level 6. HP: 36/36 MP: 7/11
  2527 | D:4      | Reached skill level 5 in Earth Magic
  2527 | D:4      | Reached XP level 7. HP: 36/41 MP: 8/13
  2954 | D:5      | Entered Level 5 of the Dungeon
  2957 | D:5      | Noticed Dowan
  2958 | D:5      | Noticed Duvessa
  2969 | D:5      | Killed Duvessa
  3052 | D:5      | Killed Dowan
  3200 | D:5      | Reached skill level 5 in Spellcasting
  3250 | D:5      | Reached XP level 8. HP: 34/46 MP: 10/15
  3257 | D:5      | Learned a level 5 spell: Lee's Rapid Deconstruction
  3260 | D:5      | Learned a level 2 spell: Sticks to Snakes
  3515 | D:5      | Noticed Ijyb
  3734 | D:5      | Killed Ijyb
  4136 | D:5      | Found a radiant altar of Vehumet.
  4250 | D:5      | Became a worshipper of Vehumet
  4407 | D:5      | Found an ancient bone altar of Kikubaaqudgha.
  4611 | D:6      | Reached skill level 1 in Fighting
  4615 | D:6      | Found a burning altar of Makhleb.
  4631 | D:6      | Found Leacrizi's Antique Armour Shop.
  4854 | D:6      | Noticed Prince Ribbit
  4945 | D:6      | Found a hazy altar of Hepliaklqana.
  4949 | D:6      | Reached XP level 9. HP: 54/54 MP: 11/18
  5107 | D:6      | Noticed Blork the orc
  5168 | D:6      | Found a deep blue altar of Sif Muna.
  5169 | D:6      | Found a blossoming altar of Fedhas.
  5173 | D:6      | Killed Blork the orc
  5340 | D:6      | Reached * piety under Vehumet
  5340 | D:6      | Offered knowledge of Magic Dart by Vehumet.
  5356 | D:6      | Killed Prince Ribbit
  5583 | D:6      | Found a staircase to the Ecumenical Temple.
  5592 | Temple   | Entered the Ecumenical Temple
  5965 | D:7      | Found a shattered altar of Ashenzari.
  6579 | D:8      | Reached ** piety under Vehumet
  6592 | D:8      | Offered knowledge of Searing Ray by Vehumet.
  6673 | D:8      | Reached skill level 5 in Dodging
  6673 | D:8      | Reached XP level 10. HP: 61/65 MP: 12/20
  6822 | D:8      | Noticed Gastronok
  6904 | D:8      | Killed Gastronok
  6904 | D:8      | Reached skill level 5 in Fighting
  6934 | D:8      | Found a white marble altar of Elyvilon.
  7109 | D:8      | Offered knowledge of Mephitic Cloud by Vehumet.
  7611 | D:9      | Reached skill level 5 in Shields
  7649 | D:9      | Reached *** piety under Vehumet
  7686 | D:9      | Learned a level 1 spell: Summon Butterflies
  7744 | D:9      | Offered knowledge of Airstrike by Vehumet.
  7981 | D:9      | Found a hazy altar of Hepliaklqana.
  8029 | D:9      | Reached XP level 11. HP: 73/74 MP: 15/23
  8063 | D:9      | Found Evag's Antique Armour Emporium.
  8205 | D:9      | Noticed Harold
  8221 | D:9      | Killed Harold
  8626 | D:10     | Entered Level 10 of the Dungeon
  8971 | D:10     | Reached **** piety under Vehumet
  9237 | D:10     | Reached skill level 1 in Unarmed Combat
  9318 | D:10     | Offered knowledge of Bolt of Magma by Vehumet.
  9329 | D:10     | Learned a level 5 spell: Bolt of Magma
  9569 | D:10     | Found a staircase to the Lair.
  9825 | D:11     | Identified a scroll of acquirement
  9835 | D:11     | Got a transparent lead ring
  9837 | D:11     | Identified the ring "Nokuser" {Wiz rElec Int+2 Slay-5} (You
                  | acquired it on level 11 of the Dungeon)
  9908 | D:11     | Learned a level 4 spell: Summon Ice Beast
  9941 | D:11     | Reached skill level 5 in Stealth
 10280 | D:11     | Found a staircase to the Orcish Mines.
 10386 | D:11     | Reached skill level 1 in Conjurations
 10636 | D:11     | Noticed Josephine
 10639 | D:11     | Killed Josephine
 10639 | D:11     | Reached ***** piety under Vehumet
 10639 | D:11     | Reached skill level 1 in Summonings
 10662 | D:11     | Offered knowledge of Poison Arrow by Vehumet.
 10948 | D:11     | Reached XP level 12. HP: 81/81 MP: 18/25
 11125 | Lair:1   | Entered Level 1 of the Lair of Beasts
 11410 | Lair:1   | Noticed a five-headed hydra
 11418 | Lair:1   | Killed a five-headed hydra
 12075 | Lair:2   | Found a runed gate.
 12076 | Lair:2   | Found a runed gate.
 12077 | Lair:2   | Found a runed gate.
 12290 | Lair:2   | Noticed an eight-headed hydra
 12294 | Lair:2   | Killed an eight-headed hydra
 12294 | Lair:2   | Reached skill level 1 in Ice Magic
 12381 | Lair:2   | Reached skill level 1 in Fire Magic
 12417 | Lair:2   | Found a hole to the Spider Nest.
 12562 | Lair:2   | Noticed a six-headed hydra
 12566 | Lair:2   | Killed a six-headed hydra
 13047 | Lair:2   | Noticed a five-headed hydra
 13050 | Lair:2   | Killed a five-headed hydra
 13248 | Lair:2   | Found a staircase to the Swamp.
 13485 | Lair:2   | Noticed Ixotuera's ghost (journeyman MiFi)
 13873 | Lair:3   | Reached XP level 13. HP: 68/88 MP: 21/26
 14027 | Lair:3   | Reached skill level 10 in Earth Magic
 14130 | Lair:3   | Reached skill level 5 in Transmutations
 14182 | Lair:3   | Reached skill level 10 in Spellcasting
 15589 | Lair:4   | Offered knowledge of Irradiate by Vehumet.
 15603 | Lair:4   | Learned a level 5 spell: Irradiate
 16051 | Lair:4   | Learned a level 5 spell: Blade Hands
 16953 | Lair:5   | Noticed an entropy weaver
 17713 | Lair:5   | Found a runed door.
 17717 | Lair:5   | Found a viscous altar of Jiyva.
 17717 | Lair:5   | Noticed an azure jelly
 17718 | Lair:5   | Found a staircase to the Slime Pits.
 17718 | Lair:5   | Noticed an azure jelly
 17718 | Lair:5   | Noticed an azure jelly
 17893 | Lair:5   | Offered knowledge of Iskenderun's Battlesphere by Vehumet.
 18353 | Lair:5   | Killed an entropy weaver
 18353 | Lair:5   | Reached skill level 5 in Unarmed Combat
 18918 | Lair:6   | Entered Level 6 of the Lair of Beasts
 18929 | Lair:5   | Reached XP level 14. HP: 94/95 MP: 13/28
 18947 | Lair:5   | Noticed an entropy weaver
 18960 | Lair:5   | Killed an entropy weaver
 20581 | Lair:6   | Offered knowledge of Spellforged Servitor by Vehumet.
 20592 | Lair:6   | Learned a level 7 spell: Spellforged Servitor
 22271 | D:12     | Reached skill level 10 in Shields
 22388 | D:12     | Found a roughly hewn altar of Beogh.
 23374 | D:13     | Got a slimy war axe
 23375 | D:13     | Identified the +7 war axe of Uncomfortable Rashes {chop,
                  | rPois rC+ Str+2} (You found it on level 13 of the Dungeon)
 24023 | D:13     | Reached XP level 15. HP: 75/100 MP: 8/30
 24187 | D:13     | Reached skill level 1 in Short Blades
 24384 | D:13     | Reached ****** piety under Vehumet
 24398 | D:13     | Reached skill level 5 in Conjurations
 24409 | D:13     | Found a gate to the Vaults.
 24688 | Orc:1    | Entered Level 1 of the Orcish Mines
 24689 | Orc:1    | Offered knowledge of Bolt of Cold by Vehumet.
 24837 | D:11     | Reached skill level 5 in Summonings
 24961 | D:11     | Learned a level 6 spell: Bolt of Cold
 25137 | Orc:1    | Noticed an orc warlord
 25354 | Orc:1    | Noticed an orc warlord
 25385 | Orc:1    | Killed an orc warlord
 25700 | Orc:1    | Killed an orc warlord
 25977 | Orc:2    | Entered Level 2 of the Orcish Mines
 26586 | Orc:2    | Offered knowledge of Orb of Destruction by Vehumet.
 26876 | Orc:2    | Found Laimakuf's Food Emporium.
 26876 | Orc:2    | Found Qorhinw Gayk's Distillery.
 26876 | Orc:2    | Found Qieg's Antique Armour Shoppe.
 26895 | Orc:2    | Found Avvereje's General Store.
 26899 | Orc:2    | Bought a potion of curing for 51 gold pieces
 26899 | Orc:2    | Bought a potion of magic for 136 gold pieces
 26899 | Orc:2    | Bought a potion of heal wounds for 85 gold pieces
 26899 | Orc:2    | Bought 2 potions of curing for 102 gold pieces
 26899 | Orc:2    | Bought a potion of agility for 68 gold pieces
 26899 | Orc:2    | Bought a potion of might for 68 gold pieces
 26899 | Orc:2    | Bought a potion of might for 68 gold pieces
 26901 | Orc:2    | Bought a potion of heal wounds for 65 gold pieces
 26901 | Orc:2    | Bought a book of Transfigurations for 715 gold pieces
 26901 | Orc:2    | Bought a scroll of identify for 26 gold pieces
 27101 | Orc:2    | Found a staircase to the Elven Halls.
 28293 | D:15     | Entered Level 15 of the Dungeon
 28374 | D:15     | Offered knowledge of Ozocubu's Refrigeration by Vehumet.
 28383 | D:15     | Learned a level 6 spell: Statue Form
 28710 | D:15     | Identified the +8 falchion of Big Damage {protect, +Blink
                  | Dex+3} (You found it on level 15 of the Dungeon)
 28818 | D:15     | Found a bloodstained altar of Trog.
 29142 | D:15     | Found a staircase to the Depths.
 29414 | Swamp:1  | Entered Level 1 of the Swamp
 29752 | Swamp:1  | Reached XP level 16. HP: 96/107 MP: 32/32
 29831 | Swamp:1  | Found a frozen archway.
 30481 | Swamp:2  | Noticed Frances
 31348 | Swamp:3  | Offered knowledge of Lehudib's Crystal Spear by Vehumet.
 31348 | Swamp:3  | Offered knowledge of Shatter by Vehumet.
 31348 | Swamp:3  | Offered knowledge of Tornado by Vehumet.
 31355 | Swamp:4  | Entered Level 4 of the Swamp
 31436 | Swamp:3  | Reached skill level 10 in Unarmed Combat
 31651 | Swamp:3  | Found an ornate altar of the Wu Jian Council.
 32274 | Swamp:4  | Noticed a thorn hunter
 32283 | Swamp:4  | Killed a thorn hunter
 32408 | Swamp:3  | Upgraded the game from 0.23-a0-182-g58cdd98 to
                  | 0.23-a0-183-gf37f6fb
 32409 | Swamp:4  | Noticed a thorn hunter
 32417 | Swamp:4  | Killed from afar by a fire dragon

Vault maps used:
D:1:      dpeg_arrival_lava_temple_mockup
D:2:      xom_teletrap_fun, uniq_terence, uniq_crazy_yiuf_cottage
D:3:      grunt_qazlal_clouds, gammafunk_temple_overflow_arena
D:4:      nicolae_overflow_crystal_walls, enter_ossuary_2
D:5:      vehumet_statue, lemuel_doored_altar, first_ration, uniq_ijyb,
          uniq_duvessa
D:6:      grunt_temple_overflow_open, lemuel_temple_firewalk_b, serial_shops,
          nicolae_shop_statue_plus, hangedman_feature_mirror,
          eino_small_chamber_without_monster, uniq_blork_the_orc,
          uniq_prince_ribbit1
D:7:      overflow_temple_1_default
D:8:      lemuel_crystal_altar, the_bakery, uniq_gastronok
D:9:      overflow_temple_1_default, serial_shops, shop_statue, uniq_harold
D:10:     grunt_lair_entry_orc_guard_hut
D:11:     orc_0_dummy, uniq_josephine
D:12:     special_room
D:13:     erik_vaults_1
D:15:     hangedman_depths_entry_try_elsewhere_first, basic_altar
Temple:   jpeg_temple_clearing
Lair:1:   minivault_23, grunt_megastairs_3
Lair:2:   nicolae_swamp_entry_splash_gauntlet, dummy_spider_entry,
          ebering_ghost_rock_garden
Lair:3:   grunt_forest_small_clearings
Lair:4:   hangedman_lair_generics_rect
Lair:5:   slime_altar_2, minmay_lair_oklob_bushes, zaba_anthell
Lair:6:   minmay_lair_end_frog_pond, st_stairs_11
Swamp:1:  portal_ice_cave_entry_pillars_1, serial_swamp_ruin,
          evilmike_swamp_ruin_house_5, evilmike_swamp_ruin_house_2,
          evilmike_swamp_ruin_house_3, swamp_pool2, infiniplex_staircase_pool_2
Swamp:2:  hangedman_swamp_cone, uniq_frances
Swamp:3:  basic_altar
Swamp:4:  swamp_fiery, swamp_pool4, ldierk_geyser, grunt_lady_of_the_lake
Orc:1:    mines_bat_river
Orc:2:    st_orc_mages

Skill      XL: |  1  2  3  4  5  6  7  8  9 10 11 12 13 14 15 16 |
---------------+-------------------------------------------------+-----
Stealth        | 3 5 7 8 |  8.6
Spellcasting   | 3 4 5 6 7 8 9 10 11 12 | 12.2
Earth Magic    | 4 5 6 7 8 9 10 11 | 11.1
Shields        | 1 2 3 4 5 6 7 9 10 11 12 | 12.1
Transmutations | 2 3 4 5 |  5.5
Fighting       | 2 4 6 7 8 9 |  9.3
Dodging        | 3 5 6 7 8 9 |  9.0
Unarmed Combat | 2 3 5 8 10 | 10.8
Conjurations   | 1 3 4 6 |  6.9
Summonings     | 1 3 4 6 |  6.9
Ice Magic      | 1 |  1.0
Fire Magic     | 1 |  1.0
Short Blades   | 1 |  1.5

Action                   |  1- 3 |  4- 6 |  7- 9 | 10-12 | 13-15 | 16-18 || total
-------------------------+-------+-------+-------+-------+-------+-------++-------
Melee: Unarmed           |    12 |       |       |       |   126 |   302 ||   440
       Spear             |    27 |    20 |       |       |       |       ||    47
       Constrict         |     8 |     9 |    28 |    18 |   122 |    18 ||   203
       Tentacles         |     7 |     3 |    20 |    29 |   167 |    30 ||   256
       Dagger            |       |     6 |   150 |   129 |   648 |       ||   933
       Punch             |       |       |       |     2 |    27 |     3 ||    32
       War axe           |       |       |       |       |    61 |       ||    61
       Falchion          |       |       |       |       |     9 |       ||     9
Throw: Stone             |       |     1 |       |       |       |       ||     1
 Cast: Sandblast         |    29 |    71 |    53 |    46 |    60 |       ||   259
       Passwall          |     1 |       |       |       |     1 |       ||     2
       Stone Arrow       |       |     3 |    77 |   182 |   301 |    59 ||   622
       Sticks to Snakes  |       |       |     4 |       |       |       ||     4
       Lee's Rapid Decon |       |       |    13 |    75 |   156 |       ||   244
       Petrify           |       |       |       |    23 |   151 |       ||   174
       Bolt of Magma     |       |       |       |       |     3 |       ||     3
       Summon Butterflie |       |       |       |       |     3 |     1 ||     4
       Blade Hands       |       |       |       |       |     3 |       ||     3
       Irradiate         |       |       |       |       |     1 |     2 ||     3
       Spellforged Servi |       |       |       |       |     9 |     6 ||    15
       Statue Form       |       |       |       |       |     8 |    22 ||    30
Evoke: Wand              |       |       |       |     9 |     2 |     2 ||    13
  Use: Scroll            |     7 |     5 |       |    13 |    25 |     2 ||    52
       Potion            |     1 |     1 |       |     2 |     8 |     3 ||    15
 Stab: Sleeping          |     4 |     1 |    11 |     4 |    16 |     5 ||    41
       Invisible         |     3 |       |       |       |       |       ||     3
       Petrified         |       |       |       |    35 |   225 |       ||   260
       Petrifying        |       |       |       |     8 |    27 |       ||    35
       Distracted        |       |       |       |       |     2 |     1 ||     3
  Eat: Chunk             |       |     5 |    12 |    20 |    33 |     4 ||    74
       Ration            |       |       |     2 |     3 |     7 |     4 ||    16
Armor: Skin              |     8 |     3 |    26 |    13 |   151 |   226 ||   427
Dodge: Dodged            |    19 |    20 |    86 |    90 |   435 |   248 ||   898
Block: Shield            |     1 |       |       |    30 |   653 |   404 ||  1088
       Buckler           |       |     7 |    28 |    24 |       |       ||    59
       Rpst.: Falchion   |       |       |       |       |     1 |       ||     1

Table legend:
 A = Non-vault XP
 B = Vault XP
 C = Vault XP percentage of total XP
 D = Non-vault monster count
 E = Vault monster count
 F = Vault count percentage of total count
                 A         B        C        D         E       F
            +---------+---------+-------+---------+---------+-------
      Total |  110522 |   45440 |  29.1 |     673 |     220 |  24.6
            +---------+---------+-------+---------+---------+-------
        D:1 |      36 |       0 |   0.0 |      19 |       0 |   0.0
        D:2 |      18 |      76 |  80.9 |      11 |       2 |  15.4
        D:3 |     106 |       0 |   0.0 |      27 |       0 |   0.0
        D:4 |     523 |       0 |   0.0 |      24 |       0 |   0.0
        D:5 |     781 |     286 |  26.8 |      38 |       4 |   9.5
        D:6 |     638 |     760 |  54.4 |      21 |       8 |  27.6
        D:7 |     769 |       0 |   0.0 |      20 |       0 |   0.0
        D:8 |    2077 |    2393 |  53.5 |      34 |       2 |   5.6
        D:9 |    1152 |     992 |  46.3 |      32 |       1 |   3.0
       D:10 |    3028 |     695 |  18.7 |      31 |       5 |  13.9
       D:11 |    3116 |    2072 |  39.9 |      27 |       6 |  18.2
       D:12 |    3774 |    1332 |  26.1 |      22 |      25 |  53.2
       D:13 |    7612 |    1808 |  19.2 |      38 |       2 |   5.0
       D:14 |    7843 |       0 |   0.0 |      23 |       0 |   0.0
       D:15 |    9268 |    3050 |  24.8 |      19 |       4 |  17.4
     Lair:1 |    4401 |       0 |   0.0 |      16 |       0 |   0.0
     Lair:2 |    6958 |     981 |  12.4 |      16 |       6 |  27.3
     Lair:3 |    5875 |       0 |   0.0 |      23 |       0 |   0.0
     Lair:4 |    5512 |    3557 |  39.2 |      20 |      10 |  33.3
     Lair:5 |    2122 |    8117 |  79.3 |       9 |      45 |  83.3
     Lair:6 |    5448 |   12305 |  69.3 |      12 |      49 |  80.3
    Swamp:1 |   11279 |       0 |   0.0 |      27 |       0 |   0.0
    Swamp:2 |    7036 |       0 |   0.0 |      22 |       0 |   0.0
    Swamp:3 |    9069 |    1447 |  13.8 |      33 |       3 |   8.3
    Swamp:4 |    2906 |     980 |  25.2 |       8 |       4 |  33.3
      Orc:1 |    5502 |      18 |   0.3 |      49 |       7 |  12.5
      Orc:2 |    3673 |    4571 |  55.4 |      52 |      37 |  41.6
            +---------+---------+-------+---------+---------+-------
